 Dungeon Crawl Stone Soup version 0.31-a0-940-gdaa99269f9 (webtiles) character file.

Game seed: 9674685152641108530

821 lunkers the Martial Artist (level 8, -1/59 HPs)
             Began as a Meteoran Shapeshifter on Oct 19, 2023.
             Was a Follower of Makhleb.
             Slain by an ogre
             ... wielding a +0 giant club
              (28 damage)
             ... on level 6 of the Dungeon on Oct 20, 2023.
             The game lasted 00:05:36 (1955 turns).

lunkers the Martial Artist (Meteoran Shapeshifter)  Turns: 1955, Time: 00:05:36

Health: -1/59      AC:  5    Str: 15    XL:     8   Next: 39%
Magic:  9/9        EV: 11    Int: 12    God:    Makhleb [*.....]
Gold:   151        SH:  0    Dex: 16    Spells: 7/7 levels left

rFire   . .          .
                       - Unarmed
rCold   . . .        (no shield)
rNeg    . . .        l - +0 ring mail
rPois   .            (helmet currently unavailable)
rElec   .            (cloak currently unavailable)
rCorr   .            (gloves currently unavailable)
SInv    .            (boots currently unavailable)
Will    +....        (no amulet)
Stlth   +            (no ring)
HPRegen 0.29/turn    (no ring)
MPRegen 0.11/turn

%: no passive effects
@: beast-form, glowing
A: beast (slay +3), sense surroundings 1, otherworldly, glowing, explore regen
a: Begin Untransformation, Renounce Religion


You were on level 6 of the Dungeon.
You worshipped Makhleb.
Makhleb was aware of your devotion.
You were a hulking beast.
You visited 2 branches of the dungeon, and saw 7 of its levels.

You collected 151 gold pieces.

Inventory:

Armour
 a - a +0 animal skin
 j - a +0 helmet
 l - a +0 ring mail (worn)
Talismans
 c - a beast talisman (active)
 d - a flux talisman
Wands
 g - a wand of polymorph (4)
 n - a wand of paralysis (18)
Scrolls
 m - a scroll of noise {unknown}
 p - a scroll of immolation
Potions
 b - 2 potions of lignification
 e - a potion of mutation
 f - a potion of invisibility {unknown}
 h - 2 potions of enlightenment
 i - a potion of attraction {unknown}
 k - a potion of might
 q - a potion of haste {unknown}
 r - a potion of curing {unknown}


   Skills:
 - Level 1.1 Fighting
 - Level 2.1 Dodging
 * Level 9.2 Unarmed Combat
 + Level 6.5 Shapeshifting


You had 7 spell levels left.
You didn't know any spells.
Your spell library was empty.

Dungeon Overview and Level Annotations

Branches:
Dungeon (6/15) Zot: 1729   Temple (1/1) D:4 Zot: 541

Altars:
Ashenzari
Fedhas
Hepliaklqana
Makhleb
Sif Muna
Trog
Wu Jian
Xom
Zin
The Shining One

Shops:
D:3 !   D:4 ?   D:5 ?


Innate Abilities, Weirdness & Mutations

You are a hulking beast.
Your limbs bulge with bestial killing power. (Slay +3)
You passively map a small area around you.
You are easily found by Zot.
You glow in the dark.
You regain HP and MP as you explore.


Message History

You hit the orc.
The orc is moderately wounded.
You smack the orc!
You kill the orc!
Makhleb accepts your kill.
You pummel the orc!!
You kill the orc!
Makhleb accepts your kill.
You cannot move.
You start resting.
Your transformation is almost over.
You feel less wooden.
Your +0 ring mail unmelds from your body.
You turn into a hulking beast.
Items here: )))))))) [[ †††††††.
Okay, then.
Things that are here:
a +0 glaive; a +0 plate armour; an orc corpse An orc comes into view.
It is wielding a +0 hand axe.
You are too injured to fight recklessly!
An orc is nearby!
You are too injured to fight recklessly!
You are too injured to fight recklessly!
The orc shouts!
You hear a shout!
An ogre comes into view. It is wielding a +0 giant club.
You hit the orc.
The orc is severely wounded.
The orc closely misses you.
You barely miss the orc. You punch the orc.
You kill the orc!
Makhleb accepts your kill.
Things that are here:
a +0 hand axe; a +0 chain mail; an orc corpse You barely miss the ogre.
The ogre barely misses you.
You punch the ogre!
The ogre is heavily wounded.
You hit the ogre.
The ogre is severely wounded.
The ogre hits you with a +0 giant club!!
You die...

...##..........# * , ,
* .....).......# ,
#..........# , ,
#..<.......# *
#..........# * , ,
#####.###### , , * #)#
*,, ., #)#########....
,
...####)##.)Oh.......
,
...........#........#,
*
...#####.#(..####....
** , #.#....... .##* ,
*#.#.###### , , ,#O..#
,, , * ....# * , ....#
, , #....


You could see an ogre.

Vanquished Creatures
  A black bear (D:4)
  An orc warrior (D:6)
  A sky beast (D:5)
  3 scorpions
  A hound (D:5)
  2 jellies
  Ijyb (D:3)
  An iguana (D:5)
  2 orc wizards
  8 adders
  2 ufetubi (D:6)
  A worm (D:2)
  A dart slug (D:6)
  22 orcs
  3 ball pythons
  5 bats
  2 endoplasms
  2 giant cockroaches
  5 goblins
  4 hobgoblins
  2 frilled lizards
  7 kobolds
  4 rats
81 creatures vanquished.

Notes
Turn   | Place    | Note
-------+----------+-------------------------------------------
     0 | D:1      | lunkers the Meteoran Shapeshifter began the quest for the
                  | Orb.
     0 | D:1      | Reached XP level 1. HP: 16/16 MP: 2/2
   145 | D:1      | Reached skill level 4 in Unarmed Combat
   145 | D:1      | Reached XP level 2. HP: 23/23 MP: 3/3
   502 | D:1      | Glimpsed the power of Zot.
   558 | D:2      | Reached XP level 3. HP: 10/28 MP: 4/4
  1005 | D:3      | Found Utteufi's Distillery.
  1039 | D:3      | Reached XP level 4. HP: 35/35 MP: 5/5
  1115 | D:3      | Noticed Ijyb
  1124 | D:3      | Paralysed by Ijyb for 5 turns
  1136 | D:3      | Killed Ijyb
  1137 | D:3      | Reached skill level 5 in Unarmed Combat
  1162 | D:4      | Found Ydghuot's Magic Scroll Boutique.
  1168 | D:4      | Noticed a black bear
  1175 | D:4      | Killed a black bear
  1176 | D:4      | Reached skill level 6 in Unarmed Combat
  1176 | D:4      | Reached XP level 5. HP: 34/40 MP: 6/6
  1176 | D:4      | Reached XP level 6. HP: 40/47 MP: 7/7
  1198 | D:4      | Reached skill level 5 in Shapeshifting
  1352 | D:4      | Found a staircase to the Ecumenical Temple.
  1371 | Temple   | Entered the Ecumenical Temple
  1395 | Temple   | Upgraded the game from 0.31-a0-931-g7b59d4eb97 to
                  | 0.31-a0-940-gdaa99269f9
  1397 | Temple   | Became a worshipper of Makhleb the Destroyer
  1451 | D:5      | Entered Level 5 of the Dungeon
  1485 | D:5      | Reached skill level 7 in Unarmed Combat
  1575 | D:5      | Reached XP level 7. HP: 46/52 MP: 8/8
  1586 | D:5      | Found Nyket's Magic Scroll Boutique.
  1739 | D:5      | Reached skill level 8 in Unarmed Combat
  1869 | D:6      | Reached XP level 8. HP: 15/59 MP: 9/9
  1894 | D:6      | Reached skill level 9 in Unarmed Combat
  1906 | D:6      | Reached * piety under Makhleb
  1955 | D:6      | Slain by an ogre

Illustrated notes

Levels and vault maps discovered:
D:1:      dpeg_arrival_oval, layout_basic
D:2:      layout_loops_ring, skrybe_limestone_x
D:3:      layout_loops_ring, serial_shops, shop, nicolae_shop_dealshenge,
          nicolae_shop_stone, nicolae_shop_rolled_up, amcnicky_mini_pool_small,
          uniq_crazy_yiuf_cottage, uniq_ijyb
D:4:      layout_basic, mainiacjoe_overflow_six_doors_small,
          minmay_temple_entry_statues, serial_shops, shop,
          guppyfry_early_orc_mine
D:5:      layout_loops_ring, st_stairs_7, kennysheep_small_circle
D:6:      layout_rooms, kennysheep_slug_shrine, nemelex_diamond_rough_becter
Temple:   eino_wide_crystal_templ

Skill      XL: |  1  2  3  4  5  6  7  8 |
---------------+-------------------------+-----
Unarmed Combat | 4 6 7 8 9 |  9.2
Shapeshifting  | 4 5 6 |  6.5
Fighting       | |  1.1
Dodging        | |  2.1

Action                     |  1- 3 |  4- 6 |  7- 9 || total
---------------------------+-------+-------+-------++-------
  Melee: Unarmed           |    58 |    71 |    95 ||   224
         Punch             |     1 |     2 |     6 ||     9
  Evoke: Wand              |       |       |     2 ||     2
    Use: Scroll            |       |     8 |       ||     8
         Potion            |       |       |     1 ||     1
   Stab: Paralysed         |       |       |     8 ||     8
 Armour: Animal skin       |    13 |       |       ||    13
         Ring mail         |    10 |    49 |    42 ||   101
         Skin              |       |       |    15 ||    15
  Dodge: Dodged            |    32 |    28 |    46 ||   106

Table legend: (Time is in decaauts)
 A = Elapsed time spent in this place.
 B = Non-inter-level travel time spent in this place.
 C = Inter-level travel time spent in this place.
 D = Time resting spent in this place.
 E = Time spent auto-exploring this place.
 F = Levels seen in this place.
 G = Mean time per level.
                   A        B        C        D        E       F      G
               +--------+--------+--------+--------+--------+-----+--------+
         Total |   1928 |   1850 |     78 |     20 |   1247 |   7 |  275.4 |
       Dungeon |   1870 |   1815 |     55 |     20 |   1247 |   6 |  311.7 |
        Temple |     58 |     35 |     23 |      0 |      0 |   1 |   58.0 |
               +--------+--------+--------+--------+--------+-----+--------+

Top non-repeatable levels by time:
     D:1: 549 daAuts
     D:5: 388 daAuts
     D:2: 371 daAuts
     D:4: 239 daAuts
     D:3: 223 daAuts
     D:6: 98 daAuts
  Temple: 58 daAuts
